 Dungeon Crawl Stone Soup version 0.30-a0-1157-g2cc9ac7196 (webtiles) character file.

Game seed: 12290921821507260090

251 mandoloar the Insei (level 6, 0/42 HPs)
             Began as an Octopode Transmuter on Apr 24, 2023.
             Slain by an orc
             ... wielding a +0 flail
              (2 damage)
             ... on level 4 of the Dungeon.
             The game lasted 00:10:30 (4062 turns).

mandoloar the Insei (Octopode Transmuter)           Turns: 4062, Time: 00:10:31

Health: 0/42       AC:  1    Str:  9    XL:     6   Next: 13%
Magic:  7/9        EV: 14    Int: 17    God:
Gold:   82         SH:  0    Dex: 13    Spells: 2/9 levels left

rFire   . . .        a - +4 spear
rCold   . . .        (no shield)
rNeg    . . .        (helmet currently unavailable)
rPois   .            s - amulet of the acrobat
rElec   .            (no ring)
rCorr   .            (no ring)
SInv    .            (no ring)
Will    .....        (no ring)
Stlth   +++          (no ring)
HPRegen 0.27/turn    (no ring)
MPRegen 0.11/turn    (no ring)
                     (no ring)

%: acrobat
@: lethally poisoned (0 -> -6), appendages, wereblooded
A: tentacle spike 3, almost no armour, amphibious, 8 rings, camouflage 1,
gelatinous body 1, (nimble swimmer 1), tentacles
a: End Transformation


You were on level 4 of the Dungeon.
One of your tentacles had grown a beastly spike.
You visited 1 branch of the dungeon, and saw 4 of its levels.

You collected 82 gold pieces.

Inventory:

Hand Weapons
 a - a +4 spear (weapon)
Missiles
 j - 43 stones
 l - 3 silver boomerangs
 r - 3 boomerangs
Jewellery
 s - an amulet of the acrobat (around mantle)
Scrolls
 c - 6 scrolls of teleportation
 e - a scroll of fog
Potions
 b - 2 potions of heal wounds
 d - 3 potions of lignification
 f - 3 potions of might
 h - 2 potions of cancellation
 k - 3 potions of curing
 m - a potion of degeneration {unknown}
 o - a potion of haste {unknown}
 p - 2 potions of attraction {unknown}
 q - a potion of flight {unknown}


   Skills:
 + Level 3.0 Fighting
 + Level 3.5 Dodging
 + Level 3.9 Stealth
 + Level 4.1 Unarmed Combat
 - Level 2.0 Spellcasting
 - Level 2.0 Transmutations


You had 2 spell levels left.
You knew the following spells:

 Your Spells              Type           Power      Damage    Failure   Level
a - Beastly Appendage     Tmut           16%        N/A       9%          1
b - Wereblood             Tmut           8%         N/A       13%         2
c - Ice Form              Ice/Tmut       5%         N/A       77%         4

Your spell library contained the following spells:

 Spells                   Type           Power      Damage    Failure   Level
 Spider Form              Tmut/Pois      5%         N/A       36%         3


Dungeon Overview and Level Annotations

Branches:
Dungeon (4/15)
 Temple: D:4-7

Altars:


Innate Abilities, Weirdness & Mutations

One of your tentacles has grown a beastly spike.
You cannot wear most types of armour.
You are amphibious.
You can wear up to eight rings at the same time.
Your skin changes colour to match your surroundings (Stealth+).
Your rubbery body absorbs attacks. (AC +1, EV +1)
((You are camouflaged when in or above water. (Stealth+)))
You have tentacles for arms and can constrict up to eight enemies at once.


Message History

You start waiting.
An orc comes into view. It is wielding a +0 flail.
The orc shouts!
There is a stone staircase leading up, spattered with blood here.
Casting: Beastly Appendage (safe; 9% risk of failure)
Confirm with . or Enter, or press ? or * to list all spells.
Your blood is infused with primal strength.
The orc misses you.
Casting: Wereblood (safe; 13% risk of failure)
Confirm with . or Enter, or press ? or * to list all spells.
One of your tentacles grows a vicious spike.
The orc barely misses you.
You hit the orc.
You kill the orc!
A scorpion comes into view.
An orc comes into view.
It is wielding a +0 flail and carrying a wand of light (9).
Throw: 3 boomerangs
Press: ? - help, Shift-Dir - straight line, f - orc
Aim: an orc, wielding a +0 flail, wearing a +0 chain mail and carrying a wand of light (9) (wandering, hasn't noticed you, 67% to hit)
You throw a boomerang.
The boomerang hits the orc but does no damage.
An orc comes into view. It is wielding a +0 dagger.
The orc zaps a wand.
The bolt of light hits you!
The orc shouts!
The orc wizard shouts!
The orc wizard casts a spell at you. You resist with some effort.
The scorpion stings you.
You are poisoned.
The scorpion poisons you!
The orc zaps a wand.
The bolt of light hits you!!
You are confused.
* * * LOW HITPOINT WARNING * * *
In your confused state, you trip and fall back down the stairs.
* * * LOW HITPOINT WARNING * * *
x2 You feel very sick.
The scorpion barely misses you. The orc misses you.
You feel less confused.
* * * LOW HITPOINT WARNING * * *
You feel very sick.
The scorpion barely misses you. x2; The orc hits you with a +0 flail.
You die...

#... # ..# #... .##
..## ...# ..##...#
.# .o.#
#......####..
#..###......).....
#..##............
#......<.........
##@..<...........
#oso.............
.......#..........#
.#...#####.......##
#..# ###.....##
##..####.......# #
............#
######......## ##
##......#


You could see a scorpion, an orc wizard and 2 orcs.

Vanquished Creatures
  An orc priest (D:3)
  Terence (D:2)
  2 orc wizards (D:3)
  4 gnolls
  An adder (D:3)
  An ufetubus (D:3)
  2 dart slugs
  10 orcs
  8 endoplasms
  5 giant cockroaches
  8 goblins
  7 hobgoblins
  2 quokkas
  10 ball pythons
  3 bats
  5 frilled lizards
  6 kobolds
  5 rats
81 creatures vanquished.

Notes
Turn   | Place    | Note
-------+----------+-------------------------------------------
     0 | D:1      | mandoloar the Octopode Transmuter began the quest for the
                  | Orb.
     0 | D:1      | Reached XP level 1. HP: 13/13 MP: 3/3
   114 | D:1      | Reached XP level 2. HP: 5/18 MP: 3/5
   172 | D:1      | Learned a level 2 spell: Wereblood
   289 | D:1      | Reached skill level 1 in Stealth
   589 | D:1      | Reached XP level 3. HP: 23/23 MP: 6/6
   819 | D:1      | Found a faded altar of an unknown god.
  2366 | D:2      | Reached XP level 4. HP: 27/29 MP: 1/7
  2380 | D:2      | Learned a level 4 spell: Ice Form
  2805 | D:3      | Reached XP level 5. HP: 15/35 MP: 5/8
  3121 | D:2      | Reached skill level 4 in Unarmed Combat
  3648 | D:3      | Noticed Terence
  3664 | D:2      | Killed Terence
  3665 | D:2      | Reached XP level 6. HP: 37/41 MP: 5/9
  4062 | D:4      | HP: 2/42 [poisoned by a scorpion]
  4062 | D:4      | Slain by an orc

Illustrated notes

Levels and vault maps discovered:
D:1:      zelgadis_glass_arrival_small, layout_rooms,
          shapermc_ecumenical_altar_notcrosses
D:2:      layout_loops_ring, due_unseen_surprise
D:3:      layout_basic, uniq_terence
D:4:      layout_layer_cave, uniq_menkaure

Skill      XL: |  1  2  3  4  5  6 |
---------------+-------------------+-----
Stealth        | 1 2 3 |  3.9
Fighting       | 2 3 |  3.0
Dodging        | 3 |  3.5
Unarmed Combat | 4 |  4.1
Spellcasting   | |  2.0
Transmutations | |  2.0

Action                     |  1- 3 |  4- 6 || total
---------------------------+-------+-------++-------
  Melee: Unarmed           |    21 |       ||    21
         Kick              |    20 |    16 ||    36
         Constrict         |    27 |    17 ||    44
         Punch             |     2 |     2 ||     4
         Club              |    15 |       ||    15
         Tentacles         |    14 |    15 ||    29
         Short sword       |    48 |       ||    48
         Mace              |     6 |    39 ||    45
         Spear             |       |    32 ||    32
  Throw: Boomerang         |       |     1 ||     1
   Cast: Beastly Appendage |    25 |    18 ||    43
         Wereblood         |    17 |    16 ||    33
    Use: Scroll            |     7 |     6 ||    13
   Stab: Sleeping          |     4 |     2 ||     6
 Armour: Skin              |    10 |     1 ||    11
  Dodge: Dodged            |    70 |    87 ||   157

Table legend: (Time is in decaauts)
 A = Elapsed time spent in this place.
 B = Non-inter-level travel time spent in this place.
 C = Inter-level travel time spent in this place.
 D = Time resting spent in this place.
 E = Time spent auto-exploring this place.
 F = Levels seen in this place.
 G = Mean time per level.
                   A        B        C        D        E       F      G
               +--------+--------+--------+--------+--------+-----+--------+
         Total |   4096 |   3915 |    181 |   1355 |   1745 |   4 | 1024.0 |
       Dungeon |   4096 |   3915 |    181 |   1355 |   1745 |   4 | 1024.0 |
               +--------+--------+--------+--------+--------+-----+--------+

Top non-repeatable levels by time:
     D:2: 1898 daAuts
     D:1: 1161 daAuts
     D:3: 892 daAuts
     D:4: 144 daAuts
